 Dungeon Crawl Stone Soup version 0.28-a0-1616-g050a50673c (webtiles) character file.

Game seed: 8536021265519852167

4 tatocazan the Sneak (level 1, 0/14 HPs)
             Began as an Octopode Brigand on Jan 22, 2022.
             Slain by a rat (3 damage)
             ... on level 1 of the Dungeon.
             The game lasted 00:00:21 (85 turns).

tatocazan the Sneak (Octopode Brigand)                Turns: 85, Time: 00:00:22

Health: 0/14       AC:  1    Str: 10    XL:     1   Next: 70%
Magic:  1/1        EV: 12    Int: 13    God:
Gold:   0          SH:  0    Dex: 13    Spells: 0/0 levels left

rFire   . . .      SeeInvis .   a - +2 dagger
rCold   . . .      Faith    .   (no shield)
rNeg    . . .      Spirit   .   (helmet restricted)
rPois   .          Reflect  .   (no amulet)
rElec   .          Harm     .   (no ring)
rCorr   .          Rampage  .   (no ring)
Will    .....                   (no ring)
Stlth   ++++......              (no ring)
HPRegen 0.04/turn               (no ring)
MPRegen 0.07/turn               (no ring)
                                (no ring)
                                (no ring)

@: no status effects
A: almost no armour, amphibious, 8 rings, camouflage 1, gelatinous body 1,
(nimble swimmer 1), tentacles
a: no special abilities


You were on level 1 of the Dungeon.
You visited 1 branch of the dungeon, and saw 1 of its levels.

Inventory:

Hand Weapons
 a - a +2 dagger (weapon)
Missiles
 b - 7 poisoned darts (quivered)
 c - 2 curare-tipped darts
Potions
 d - 2 potions of heal wounds {unknown}


   Skills:
 + Level 2.1 Fighting
 * Level 2.1 Short Blades
 - Level 2.0 Throwing
 - Level 1.0 Dodging
 * Level 5.4 Stealth


You couldn't memorise any spells.
You didn't know any spells.
Your spell library was empty.

Dungeon Overview and Level Annotations

Branches:
Dungeon (1/15)

Altars:


Innate Abilities, Weirdness & Mutations

You cannot wear most types of armour.
You are amphibious.
You can wear up to eight rings at the same time.
Your skin changes colour to match your surroundings (Stealth+).
Your rubbery body absorbs attacks. (AC +1, EV +1)
((You are camouflaged when in or above water. (Stealth+)))
You have tentacles for arms and can constrict up to eight enemies at once.


Message History

The jackal closely misses you.
The jackal bites you but does no damage.
The jackal bites you.
You take 1 damage, and have 6/14 hp.
You hit the jackal. Your grab misses the jackal. You squeeze the jackal.
The jackal is severely wounded.
The jackal bites you.
You take 1 damage, and have 5/14 hp.
You hit the jackal. Your grab misses the jackal.
Your squeeze misses the jackal.
The jackal is severely wounded.
The jackal bites you.
* * * LOW HITPOINT WARNING * * *
You take 2 damage, and have 3/14 hp.
You barely miss the jackal. Your grab misses the jackal.
Your squeeze misses the jackal.
The jackal is severely wounded.
The jackal closely misses you.
You hit the jackal.
You kill the jackal!
The kobold hits you but does no damage.
You see here a jackal corpse.
The jackal barks!
You hit the kobold. Your grab misses the kobold.
Your squeeze misses the kobold.
The kobold is severely wounded.
The kobold barely misses you.
You hit the kobold.
You kill the kobold!
Throw: 8 darts (poison)
Press: ? - help, Q - select action, (/) - cycle Shift-Dir - straight line, f - rat
Aim: a rat (59% to hit)
You throw a poisoned dart.
The poisoned dart closely misses the rat.
The poisoned dart closely misses the jackal.
The rat barely misses you.
You hit the rat. You grab the rat.
The rat is moderately wounded.
You constrict the rat. The rat bites you.
You die...

#≈P8P.P8P≈#
#≈P...P≈# #########
##≈P.<.♣≈# #........
#≈P8P≈♣8♣≈##........
#
##≈P≈≈≈♣≈###......[.
#.####≈#.#≈##
#........ ...###.###
#l..h....
#.###h######.h...h..
#..@rh.(##.r.#######
#######.##...#
#.....rh...#
###........#
#........#
######...# #...#
#...# #.....


You could see 2 jackals and a rat.

Vanquished Creatures
  A hobgoblin (D:1)
  A jackal (D:1)
  A kobold (D:1)
  A frilled lizard (D:1)
4 creatures vanquished.

Notes
Turn   | Place    | Note
-------+----------+-------------------------------------------
     0 | D:1      | tatocazan the Octopode Brigand began the quest for the Orb.
     0 | D:1      | Reached XP level 1. HP: 14/14 MP: 1/1
    85 | D:1      | Slain by a rat

Illustrated notes

Levels and vault maps discovered:
D:1:      ldierk_walled_garden_2, layout_basic

Action                   || total
-------------------------++-------
Melee: Dagger            ||    13
       Constrict         ||     2
       Tentacles         ||     1
Throw: Dart              ||     1
Armor: Skin              ||     2
Dodge: Dodged            ||     9

Table legend: (Time is in decaauts)
 A = Elapsed time spent in this place.
 B = Non-inter-level travel time spent in this place.
 C = Inter-level travel time spent in this place.
 D = Time resting spent in this place.
 E = Time spent auto-exploring this place.
 F = Levels seen in this place.
 G = Mean time per level.
                   A        B        C        D        E       F      G
               +--------+--------+--------+--------+--------+-----+--------+
         Total |     83 |     83 |      0 |      0 |     47 |   1 |   83.0 |
       Dungeon |     83 |     83 |      0 |      0 |     47 |   1 |   83.0 |
               +--------+--------+--------+--------+--------+-----+--------+

Top non-repeatable levels by time:
     D:1: 83 daAuts
